 Dungeon Crawl Stone Soup version 0.19.0-19-g8c6edcc (webtiles) character file.

9734 Bluestream the Basher (level 11, -16/151 HPs)
             Began as a Minotaur Berserker on Nov 13, 2016.
             Was a High Priest of Trog.
             Demolished by an earth elemental (23 damage)
             ... summoned by a deep elf mage
             ... on level 12 of the Dungeon.
             The game lasted 00:19:06 (9142 turns).

Bluestream the Basher (Minotaur Berserker)          Turns: 9142, Time: 00:19:06

Health: -16/151    AC: 19    Str: 30    XL:     11   Next: 26%
Magic:  10/10      EV: 12    Int:  7    God:    Trog [*****.]
Gold:   626        SH:  0    Dex: 13    Spells: 0 memorised, 10 levels left

rFire  . . .     SeeInvis .     g - +0 dire flail
rCold  . . .     Gourm    .     l - +1 plate armour
rNeg   . . .     Faith    .     (shield currently unavailable)
rPois  +         Spirit   .     (helmet restricted)
rElec  .         Reflect  .     Q - +1 cloak
rCorr  .         Harm     .     O - +0 pair of gloves
MR     .....                    (no boots)
Stlth  ..........               C - amulet "Cuqes" {Fragile Regen+ Str+3 Int+3}
                                (no ring)
                                v - ring of poison resistance

@: berserking, starving, very quick
A: retaliatory headbutt, horns 2
a: Berserk, Trog's Hand, Brothers in Arms, Burn Spellbooks, Renounce Religion


You were on level 12 of the Dungeon.
You worshipped Trog.
Trog was extremely pleased with you.
You were starving.

You visited 1 branch of the dungeon, and saw 12 of its levels.

You collected 626 gold pieces.

Inventory:

Hand Weapons
 g - a +0 dire flail (weapon)
 F - a +1 whip of flaming
 G - a +0 morningstar
 L - a +7 antimagic battleaxe
Armour
 l - a +1 plate armour (worn)
 D - +0 mottled dragon scales
 O - a +0 pair of gloves (worn)
 Q - a +1 cloak (worn)
Jewellery
 v - a ring of poison resistance (left hand)
 B - an uncursed amulet of harm {unknown}
 C - the amulet "Cuqes" (around neck) {Fragile Regen+ Str+3 Int+3}
   (You found it on level 6 of the Dungeon)

   [amulet of regeneration]

   It affects your strength (+3).
   It affects your intelligence (+3).
   It increases your rate of regeneration.
   It will be destroyed if unequipped.
 J - the amulet of Rorogioc {Harm *Drain MP+9 Dex+2}
   (You found it on level 7 of the Dungeon)

   [amulet of harm]

   It increases damage dealt and taken.
   It affects your dexterity (+2).
   It affects your magic capacity (+9).
   It causes draining when unequipped.
Wands
 b - a wand of teleportation (5/9)
 A - a wand of confusion (34/48)
 H - a wand of disintegration (13/24)
Scrolls
 e - 12 scrolls of identify
 f - 2 scrolls of fog {unknown}
 k - 2 scrolls of blinking {unknown}
 o - 2 scrolls of magic mapping {unknown}
 q - a scroll of remove curse
 r - a scroll of enchant weapon {unknown}
 s - 2 scrolls of recharging {unknown}
 u - a scroll of random uselessness {unknown}
 x - a scroll of fear {unknown}
 y - a scroll of immolation {unknown}
 z - 2 scrolls of noise {unknown}
 E - 2 scrolls of amnesia {unknown}
 I - a scroll of enchant armour
 N - a scroll of teleportation
Potions
 a - a potion of flight {unknown}
 j - 4 potions of curing
 n - a potion of resistance {unknown}
 t - 3 potions of mutation {unknown}
 w - a potion of cancellation {unknown}
 K - a potion of brilliance {unknown}
 P - a potion of agility {unknown}
Books
 M - a book of Air

   Spells                             Type                      Level
   a - Shock                          Conjuration/Air              1
   b - Swiftness                      Charms/Air                   2
   c - Repel Missiles                 Charms/Air                   2
   d - Static Discharge               Conjuration/Air              3
   e - Lightning Bolt                 Conjuration/Air              5
   Trog disapproves of the use of such an item.
Comestibles
 c - 8 bread rations
 h - 3 beef jerkies
 i - 3 slices of pizza
 m - 3 fruits
 p - 4 meat rations


   Skills:
 + Level 10.3 Fighting
 * Level 13.3 Maces & Flails
 + Level 9.7 Armour
 + Level 9.0 Dodging


You had 10 spell levels left.
You didn't know any spells.

Dungeon Overview and Level Annotations

Branches:
Dungeon (13/15)            Temple (0/1) D:7            Lair (0/6) D:10
    Orc (0/2) D:10
 Vaults: D:13-14

Altars:
Cheibriados
Fedhas
Hepliaklqana
Nemelex Xobeh
Okawaru

Shops:
D:4 }


Innate Abilities, Weirdness & Mutations

You reflexively headbutt those who attack you in melee.
You have a pair of horns on your head.


Message History

The deep elf mage is severely wounded.
The deep elf mage casts a spell at you. The stone arrow hits you!
You closely miss the deep elf mage.
The deep elf mage is severely wounded.
The earth elemental hits you!
* * * LOW HITPOINT WARNING * * *
The earth elemental hits you!!
* * * LOW HITPOINT WARNING * * *
The deep elf mage hits you but does no damage.
Okay, then.
A red film seems to cover your vision as you go berserk!
You feel yourself moving faster!
You feel mighty!
You are starving!
The big kobold hits you but does no damage.
The deep elf mage mumbles some strange words.
The deep elf mage blinks!
You feel a strong urge to attack something.
The earth elemental hits you!!
You die...

#
#.#########
#.K(@E....#
#.E.E.....#
#.........#
#.........#
#.........#
#.........#
e.........#
#..........#


You could see 3 earth elementals, a deep elf mage and a big kobold.

Vanquished Creatures
  Josephine (D:12)
  A slime creature (D:10)
  A hill giant (D:13)
  Pikel (D:6)
  2 cyclopes (D:13)
  A gargoyle (D:13)
  A merfolk (D:10)
  A troll (D:9)
  5 hippogriffs
  A spriggan (D:10)
  A wraith (D:13)
  A wyvern (D:8)
  A hungry ghost (D:10)
  A mottled dragon (D:13)
  2 ice beasts
  3 orc warriors
  2 sky beasts
  4 phantoms
  2 ogres (D:5)
  3 centaurs
  A big kobold (D:9)
  9 bullfrogs
  A wyvern zombie (D:8)
  2 scorpions
  2 wights (D:6)
  4 howler monkeys
  A bullfrog zombie (D:8)
  2 crimson imps
  A quasit (D:10)
  3 jellies
  11 orc priests
  A bullfrog skeleton (D:6)
  A gnoll shaman (D:9)
  2 hounds
  15 orc wizards
  An iron imp (D:7)
  A centaur skeleton (D:5)
  4 iguanas
  4 worker ants
  A hound zombie (D:8)
  A hound skeleton (D:6)
  7 gnolls
  16 adders
  2 shadow imps
  2 oozes
  A dart slug (D:4)
  8 leopard geckos
  64 orcs
  5 giant cockroaches
  6 goblins
  5 hobgoblins
  12 jackals
  4 quokkas
  4 ball pythons
  11 bats
  4 frilled lizards
  7 kobolds
  A quokka skeleton (D:6)
  14 rats
276 creatures vanquished.

Vanquished Creatures (others)
  A wyvern skeleton (D:6)
  A wight (D:6)
  A hound (D:6)
  A leopard gecko (D:6)
  A kobold (D:12)
5 creatures vanquished.

Grand Total: 281 creatures vanquished

Notes
Turn   | Place    | Note
-------+----------+-------------------------------------------
     0 | D:1      | Bluestream the Minotaur Berserker began the quest for the Orb.
     0 | D:1      | Reached XP level 1. HP: 19/19 MP: 0/0
   325 | D:1      | Reached skill level 4 in Maces & Flails
   367 | D:1      | Reached XP level 2. HP: 26/26 MP: 1/1
   776 | D:1      | Reached ** piety under Trog
   869 | D:1      | Reached XP level 3. HP: 33/33 MP: 2/2
  1343 | D:2      | Reached XP level 4. HP: 40/40 MP: 3/3
  1473 | D:3      | Found a faded altar of an unknown god.
  1607 | D:3      | Found a sparkling altar of Nemelex Xobeh.
  1632 | D:3      | Reached skill level 5 in Maces & Flails
  2074 | D:3      | Found an iron altar of Okawaru.
  2078 | D:3      | Reached *** piety under Trog
  2078 | D:3      | Reached XP level 5. HP: 47/47 MP: 4/4
  2349 | D:4      | Reached XP level 6. HP: 55/55 MP: 5/5
  2566 | D:4      | Reached skill level 5 in Fighting
  2577 | D:4      | Reached skill level 6 in Maces & Flails
  3082 | D:4      | Found Pasoh's Gadget Shop.
  3191 | D:5      | Entered Level 5 of the Dungeon
  3446 | D:5      | Reached XP level 7. HP: 26/61 MP: 6/6
  3642 | D:5      | Found a hazy altar of Hepliaklqana.
  3711 | D:5      | Noticed a hippogriff
  3721 | D:5      | Killed a hippogriff
  3721 | D:5      | Reached skill level 7 in Maces & Flails
  3721 | D:5      | Reached skill level 5 in Armour
  3967 | D:5      | Reached XP level 8. HP: 70/70 MP: 7/7
  3971 | D:5      | Reached skill level 8 in Maces & Flails
  4105 | D:5      | Reached skill level 5 in Dodging
  4466 | D:5      | Reached **** piety under Trog
  4754 | D:6      | Got a brightly glowing lead amulet
  4755 | D:6      | Identified the amulet "Cuqes" {Fragile Regen+ Str+3 Int+3} (You found it on level 6 of the Dungeon)
  4917 | D:6      | Noticed Pikel
  4923 | D:6      | Killed Pikel
  4923 | D:6      | Reached skill level 9 in Maces & Flails
  4972 | D:6      | Reached XP level 9. HP: 79/79 MP: 8/8
  5440 | D:7      | Reached skill level 10 in Maces & Flails
  5541 | D:7      | Found a staircase to the Ecumenical Temple.
  5874 | D:7      | Got a pitted crystal amulet
  6183 | D:7      | Found a snail-covered altar of Cheibriados.
  6442 | D:8      | Reached skill level 11 in Maces & Flails
  6474 | D:8      | Reached ***** piety under Trog
  6620 | D:8      | Received a gift from Trog
  6766 | D:8      | Reached XP level 10. HP: 86/90 MP: 9/9
  7674 | D:9      | Identified the amulet of Rorogioc {Harm *Drain MP+9 Dex+2} (You found it on level 7 of the Dungeon)
  7803 | D:9      | Found a blossoming altar of Fedhas.
  8050 | D:10     | Entered Level 10 of the Dungeon
  8120 | D:10     | Found a staircase to the Orcish Mines.
  8189 | D:10     | Reached skill level 12 in Maces & Flails
  8323 | D:10     | Found a staircase to the Lair.
  8440 | D:10     | Killed an enormous slime creature
  8616 | D:10     | You fall through a shaft for 3 floors!
  8616 | D:13     | Noticed a gargoyle
  8626 | D:13     | Killed a gargoyle
  8676 | D:13     | Noticed a cyclops
  8701 | D:13     | Killed a cyclops
  8701 | D:13     | Reached skill level 10 in Fighting
  8701 | D:13     | Reached XP level 11. HP: 99/99 MP: 10/10
  8723 | D:13     | Noticed a hill giant
  8750 | D:13     | Killed a hill giant
  8750 | D:13     | Reached skill level 13 in Maces & Flails
  9088 | D:13     | Noticed a rakshasa
  9096 | D:13     | Noticed Josephine
  9123 | D:12     | Noticed a deep elf mage
  9127 | D:12     | Killed Josephine
  9140 | D:12     | HP: 4/101 [earth elemental[a deep elf mage] (19)]
  9142 | D:12     | Demolished by an earth elemental

Skill      XL: |  1  2  3  4  5  6  7  8  9 10 11 |
---------------+----------------------------------+-----
Maces & Flails | 4 5 6 7 9 11 12 13 | 13.3
Armour         | 3 4 5 6 8 9 |  9.7
Fighting       | 4 5 6 7 8 10 | 10.3
Dodging        | 3 4 6 7 8 9 |  9.0

Action                   |  1- 3 |  4- 6 |  7- 9 | 10-12 || total
-------------------------+-------+-------+-------+-------++-------
Melee: Mace              |    99 |   150 |   127 |       ||   376
       Headbutt          |     8 |    26 |    62 |    53 ||   149
       Morningstar       |       |       |   186 |   109 ||   295
       Dire flail        |       |       |       |   141 ||   141
Invok: Berserk           |       |     3 |     5 |    12 ||    20
  Use: Scroll            |     3 |     1 |       |     2 ||     6
  Eat: Chunk             |     1 |    10 |    15 |    18 ||    44
       Pizza             |       |       |       |     1 ||     1
Armor: Animal skin       |     3 |       |       |       ||     3
       Scale mail        |    12 |       |       |       ||    12
       Ring mail         |     4 |       |       |       ||     4
       Plate armour      |    44 |    97 |   182 |   129 ||   452
Dodge: Dodged            |    59 |    56 |   139 |   153 ||   407
